 Dungeon Crawl Stone Soup version 0.19.5 (webtiles) character file.

23 tidbits the Magician (level 2, 0/17 HPs)
             Began as a High Elf Wanderer on Aug 8, 2017.
             Slain by Ijyb
             ... wielding a +5 club
              (5 damage)
             ... on level 2 of the Dungeon.
             The game lasted 00:05:19 (541 turns).

tidbits the Magician (High Elf Wanderer)             Turns: 541, Time: 00:05:20

Health: 0/17       AC:  3    Str: 10    XL:     2   Next: 72%
Magic:  8/8        EV: 12    Int: 17    God:
Gold:   75         SH:  0    Dex: 13    Spells: 4 memorised, 5 levels left

rFire  . . .     SeeInvis .     a - +2 dagger (vamp)
rCold  . . .     Gourm    .     d - +0 robe
rNeg   . . .     Faith    .     (no shield)
rPois  .         Spirit   .     (no helmet)
rElec  .         Reflect  .     C - +0 cloak
rCorr  .         Harm     .     (no gloves)
MR     .....                    (no boots)
Stlth  ++........               (no amulet)
                                (no ring)
                                (no ring)

@: no status effects
A: no striking features
a: no special abilities


You were on level 2 of the Dungeon.
You were not hungry.

You visited 1 branch of the dungeon, and saw 3 of its levels.

You collected 75 gold pieces.

Inventory:

Hand Weapons
 a - a +2 vampiric dagger (weapon)
   (You took it off a kobold on level 2 of the Dungeon)
 e - a +0 dagger
Missiles
 f - 29 arrows
 m - 45 stones (quivered)
Armour
 d - a +0 robe (worn)
 g - a +0 ring mail
   (You found it on level 1 of the Dungeon)
 C - a +0 cloak (worn)
   (You found it on level 3 of the Dungeon)
Scrolls
 i - a scroll of remove curse
 l - a scroll of identify
 n - a scroll of fear {unknown}
Potions
 j - a potion of brilliance {unknown}
 o - a potion of might {unknown}
Books
 b - Quihet's Catalogue of Translocation

   Spells                             Type                      Level
   a - Apportation                    Translocation                1
   b - Teleport Other                 Translocation                3
 c - Kattut's Tome of Calling

   Spells                             Type                      Level
   a - Summon Butterflies             Summoning                    1
   b - Call Canine Familiar           Summoning                    3
 h - a book of Minor Magic

   Spells                             Type                      Level
   a - Magic Dart                     Conjuration                  1
   b - Blink                          Translocation                2
   c - Call Imp                       Summoning                    2
   d - Repel Missiles                 Charms/Air                   2
   e - Slow                           Hexes                        2
   f - Conjure Flame                  Conjuration/Fire             3
   g - Mephitic Cloud                 Conjuration/Poison/Air       3


   Skills:
 - Level 1.6 Dodging
 - Level 2.2 Stealth
 - Level 4.8 Spellcasting
 + Level 2.1 Conjurations
 + Level 1.8 Summonings
 - Level 1.1 Translocations


You had 5 spell levels left.
You knew the following spells:

 Your Spells              Type           Power        Failure   Level  Hunger
a - Apportation           Tloc           #.........   12%         1    None
z - Magic Dart            Conj           ##..         10%         1    None
C - Call Imp              Summ           ##......     12%         2    #......
P - Summon Butterflies    Summ           ##......     10%         1    None


Dungeon Overview and Level Annotations

Branches:
Dungeon (3/15)

Altars:

Annotations:
D:2 Ijyb


Message History

You hit the kobold.
The kobold is severely wounded.
The kobold closely misses you.
You hit the kobold.
You kill the kobold!
m - 30 stones (gained 2)
Things that are here:
a whip; a kobold corpse; a rat corpse You see here 29 arrows.
f - 29 arrows
m - 45 stones (gained 15)
You open the door.
Memorise Call Imp, consuming 2 spell levels and leaving 6?
You start memorising the spell.
You continue memorising. x2
You finish memorising.
Spell assigned to 'C'.
Found a dagger.
Found a glowing dark potion.
A hobgoblin comes into view. It is wielding a club.
The hobgoblin shouts!
Casting: Magic Dart
Confirm with . or Enter, or press ? or * to list all spells.
Aiming: Magic Dart
Press: ? - help, Shift-Dir - straight line, f - hobgoblin
Aim: a hobgoblin, wielding a club The magic dart hits the hobgoblin.
The hobgoblin is lightly wounded.
Casting: Magic Dart
Confirm with . or Enter, or press ? or * to list all spells.
Aiming: Magic Dart
Press: ? - help, Shift-Dir - straight line, f/p - hobgoblin
Aim: a hobgoblin, wielding a club (lightly wounded)
The magic dart hits the hobgoblin.
You kill the hobgoblin!
j - a glowing dark potion
Found a scroll labeled QAMITESEKI.
n - a scroll labeled QAMITESEKI Memorise Apportation, consuming 1 spell level and leaving 5?
You start memorising the spell.
You continue memorising.
You finish memorising.
Spell assigned to 'a'.
You see here a dagger.
You open the door.
A frilled lizard comes into view.
Found 25 gold pieces and a glowing amethyst potion.
There is an open door here.
The helpless frilled lizard fails to defend itself.
You puncture the frilled lizard!
You kill the frilled lizard!
You now have 57 gold pieces (gained 7).
You now have 75 gold pieces (gained 18).
o - a glowing amethyst potion You open the door.
There is an open door here.
You open the door.
There is an open door here.
There is a stone staircase leading down here.
You climb downwards.
Level annotation: Ijyb
There is a stone staircase leading up here.
Really walk into a travel-excluded area?
Ijyb shouts!
You hear an angry hiss.
You hear a bark!
Ijyb hits you with an enchanted club!
Found 20 poisoned needles.
You barely miss Ijyb.
Casting: Magic Dart
Confirm with . or Enter, or press ? or * to list all spells.
Aiming: Magic Dart
Press: ? - help, Shift-Dir - straight line, f - Ijyb
Aim: Ijyb, wielding an enchanted club The magic dart hits Ijyb.
Ijyb is lightly wounded.
Ijyb hits you with an enchanted club.
* * * LOW HITPOINT WARNING * * *
A jackal comes into view.
You feel much better. Ijyb completely misses you.
You hit Ijyb.
Ijyb is lightly wounded.
Ijyb hits you with an enchanted club.
You hit Ijyb but do no damage.
Ijyb is lightly wounded.
Ijyb hits you with an enchanted club.
The jackal barks!
You hit Ijyb.
You feel better.
Ijyb is moderately wounded.
You hear a bark!
The jackal falls through a shaft!
The shaft crumbles and collapses.
Ijyb barely misses you.
You barely miss Ijyb.
Ijyb is moderately wounded.
Ijyb closely misses you.
You hit Ijyb.
Ijyb is heavily wounded.
Ijyb hits you with an enchanted club.
You barely miss Ijyb.
Ijyb is heavily wounded.
Ijyb hits you with an enchanted club.
* * * LOW HITPOINT WARNING * * *
You hit Ijyb.
Ijyb is heavily wounded.
Ijyb hits you with an enchanted club.
You die...

#....## #.# #.#
##.....####.## #.#
#............######.#
##.....####.........#
#...(## #.#########
#.#.$# #.# #.##.# #.#
#. #.# #.# #. #@# #.#
#g# #.# h(......#
......... ##########


You could see Ijyb.

Vanquished Creatures
  An ooze (D:1)
  A dart slug (D:2)
  A leopard gecko (D:2)
  4 bats
  A giant cockroach (D:2)
  A goblin (D:1)
  2 hobgoblins (D:1)
  A frilled lizard (D:1)
  2 kobolds
  2 rats
16 creatures vanquished.

Notes
Turn   | Place    | Note
-------+----------+-------------------------------------------
     0 | D:1      | tidbits the High Elf Wanderer began the quest for the Orb.
     0 | D:1      | tidbits set off with: a book of Minor Magic, Quihet's Catalogue of Translocation, Kattut's Tome of Calling, a +0 robe, a +0 dagger, a bread ration
     0 | D:1      | Reached XP level 1. HP: 11/11 MP: 7/7
     0 | D:1      | Identified Quihet's Catalogue of Translocation
     0 | D:1      | Identified Kattut's Tome of Calling
     2 | D:1      | Learned a level 1 spell: Magic Dart
     4 | D:1      | Learned a level 1 spell: Summon Butterflies
    92 | D:2      | Reached skill level 1 in Dodging
   126 | D:2      | Reached XP level 2. HP: 13/17 MP: 1/8
   148 | D:2      | Noticed Ijyb
   355 | D:1      | Reached skill level 2 in Conjurations
   381 | D:1      | Learned a level 2 spell: Call Imp
   420 | D:1      | Learned a level 1 spell: Apportation
   541 | D:2      | Slain by Ijyb

Skill      XL: |  1  2 |
---------------+-------+-----
Dodging        | 1 |  1.6
Conjurations   | 2 |  2.1
Stealth        | |  2.2
Spellcasting   | |  4.8
Summonings     | |  1.8
Translocations | |  1.1

Action                   || total
-------------------------++-------
Melee: Dagger            ||    41
 Cast: Magic Dart        ||    28
  Use: Potion            ||     2
       Scroll            ||     1
 Stab: Sleeping          ||     2
  Eat: Bread ration      ||     1
       Beef jerky        ||     1
Armor: Robe              ||     9
Dodge: Dodged            ||    34

Table legend:
 A = Turns spent in this place as a percentage of turns spent in the entire game.
 B = Non-inter-level travel turns spent in this place as a percentage of non-inter-level travel turns spent in the entire game.
 C = Inter-level travel turns spent in this place as a percentage of turns spent in this place.
 D = Turns resting spent in this place as a percentage of non-inter-level travel turns spent in this place.
 E = Turns spent auto-exploring this place as a percentage of non-inter-level travel turns spent in this place.
 F = Non-inter-level travel turns spent in this place divided by the number of levels of this place that you've seen.
                   A       B       C       D       E      F
               +-------+-------+-------+-------+-------+----------------------
         Total | 100.0 | 100.0 |   0.2 |   0.0 |   0.0 | 162.0
       Dungeon | 100.0 | 100.0 |   0.2 |   0.0 |   0.0 | 162.0
               +-------+-------+-------+-------+-------+----------------------

Table legend:
 A = Kills in this place as a percentage of kills in entire the game.
 B = Kills by you in this place as a percentage of kills by you in the entire game.
 C = Kills by friends in this place as a percentage of kills by friends in the entire game.
 D = Other kills in this place as a percentage of other kills in the entire game.
 E = Experience gained in this place as a percentage of experience gained in the entire game.
 F = Experience gained in this place divided by the number of levels of this place that you have seen.
                   A       B       C       D       E      F
               +-------+-------+-------+-------+-------+----------------------
         Total | 100.0 | 100.0 |  -nan |  -nan | 100.0 |  11.0
       Dungeon | 100.0 | 100.0 |  -nan |  -nan | 100.0 |  11.0
               +-------+-------+-------+-------+-------+----------------------

Vault maps used:
D:1:      roderic_crop_circles_arrival_small
D:2:      first_bread, uniq_iyjb
D:3:      serial_undead, serial_undead_c, serial_undead_b, serial_undead_b,
          serial_undead_a, ecumenical_altar_2
